Login

Chicago Wolves vs San Jose Barracuda

Created - 05 May 2024 at 23:35

Goals
1 2 3 T
Chicago Wolves 1 0 2 3
San Jose Barracuda 1 0 0 1
Shots
1 2 3 T
Chicago Wolves 8 5 23 36
San Jose Barracuda 8 8 7 23

GoalsPenalties
1st period
1. San Jose Barracuda , Scott Sabourin 3 (Ozzy Wiesblatt 5) at 11:16
2. Chicago Wolves , Vasily Ponomarev 21 (Callahan Burke 17, Brendan Lemieux 26) at 13:26
Brendan Lemieux (CHI) for Tripping (Minor) at 16:07
Nick Cicek (SJB) for Tripping (Minor) at 19:57
2nd period
No Goal
No Penalty
3rd period
3. Chicago Wolves , Vasily Ponomarev 22 (Gabriel Carlsson 5, Callahan Burke 18) at 14:38 (PP)
4. Chicago Wolves , Brendan Lemieux 12 (Cole Clayton 1, Ronan Seeley 6) at 19:43
Nick Cicek (SJB) for Interference (Minor) at 14:28
Scott Sabourin (SJB) for Tripping (Minor) at 15:59
Goalie Stats
Kevin Poulin (CHI), 22 saves from 23 shots - (0.957), W, 4-3-0, 60:00 minutes
Eetu Makiniemi (SJB), 33 saves from 36 shots - (0.917), L, 10-4-1, 60:00 minutes
3 StarsOfficial
1 - Vasily Ponomarev (CHI)
2 - Brendan Lemieux (CHI)
3 - Kevin Poulin (CHI)
Referees : Dave Lewis and Mitch Dunning
Linesman : Colin Gates and James Tobias
Game Note
No Game Note
Finance
Level 1 -- Attendance: 2000 (100.00%) -- Ticket Income $70,000
Level 2 -- Attendance: 923 (92.30%) -- Ticket Income $13,845
Total Attendance: 2923 (97.43%)
Total Ticket Income: $83,845
Other Income: $41,084
Total Income: $124,929



Team Name Goals Shots Shots Attemp Shots Blocked PIM HIT PP PK FO%
Chicago Wolves 3368422161 / 3 (33%)050%
San Jose Barracuda 12340126370 / 1 (0%)150%

Chicago Wolves
Player Name POS G A P +/- PIM HIT SHT SB MP PP MP PP SHT PK MP PK SHT FO% FOT GA TA
Adam GaudetteLW000-1021015:580:0200:2000% 011
Alexander PashinRW000000000:130:0000:0000% 000
Anton LevtchiLW0000033019:571:4300:3700% 000
Anttoni HonkaD0000002018:151:4700:3600% 001
Austin PoganskiRW0000012018:061:4300:2000% 201
Blake MurrayLW000000000:490:0000:0000% 000
Brendan LemieuxLW1122226021:462:2310:000100% 211
Callahan BurkeRW0221005022:562:1401:0200% 101
Cole ClaytonD0111010016:320:2401:2300% 000
Dylan CoghlanD0000013026:501:5701:2300% 000
Gabriel CarlssonD0110000122:051:5700:0000% 021
Griffin MendelD0000010013:470:2400:0000% 000
Jamieson ReesC0000015018:281:4300:37088% 810
Noel GunlerRW000100007:430:1100:0000% 000
Ronan SeeleyD0111001022:131:4700:3600% 000
Ryan SuzukiC000-1010014:140:1200:00033% 600
Tuukka TieksolaRW0000011016:120:0000:0000% 100
Vasily PonomarevC2021027121:562:1331:02046% 2402
San Jose Barracuda
Player Name POS G A P +/- PIM HIT SHT SB MP PP MP PP SHT PK MP PK SHT FO% FOT GA TA
Blade JenkinsLW0001000013:120:0001:0600% 001
Brandon CoeC000-1012111:120:0000:5500% 300
Cameron HillisC000-100009:510:0000:0000% 000
Jacob MacDonaldD000-2021223:540:5201:5000% 000
Keaton MastrodonatoC000-101009:510:0000:0000% 000
Kyle BurroughsD000-1062425:401:0702:3900% 021
Leon GawankeD0001011118:291:0702:3000% 000
Martin KautRW000-1022118:081:0700:0000% 011
Nathan ToddRW0000010015:470:5200:0000% 000
Nick CicekD000-1431019:370:5200:4300% 000
Oskar LindblomLW0000043016:240:5200:370100% 110
Ozzy WiesblattRW0111010011:400:0000:0000% 000
Ryan CarpenterC000-1041120:201:0702:12058% 2600
Scott SabourinC1011223012:050:0000:00025% 410
Shakir MukhamadullinD0001000113:550:0000:0000% 001
Tristen RobinsC0000042017:020:5201:15050% 1020
William EklundLW000-1044020:191:0702:1100% 010
Zachary MassicotteD0000011118:230:0000:3400% 001

Chicago Wolves

5 vs 5 Forward
Line #Left WingCenterRight WingPHYDFOFWanted %Time %Time Play
1Brendan LemieuxVasily PonomarevCallahan Burke1224034%17:52
2Anton LevtchiJamieson ReesAustin Poganski1223031%16:28
3Adam GaudetteRyan SuzukiTuukka Tieksola1222026%13:52
4Anton LevtchiCallahan BurkeNoel Gunler122109%4:42
5 vs 5 Defense
Line #DefenseDefensePHYDFOFWanted %Time %Time Play
1Dylan CoghlanGabriel Carlsson1224039%20:50
2Anttoni HonkaRonan Seeley1223030%16:01
3Cole ClaytonGriffin Mendel1222025%13:04
4Dylan CoghlanRonan Seeley122106%2:59
Power Play Forward
Line #Left WingCenterRight WingPHYDFOFWanted %Time %Time Play
1Brendan LemieuxVasily PonomarevCallahan Burke1226058%2:25
2Anton LevtchiJamieson ReesAustin Poganski1224042%1:43
Power Play Defense
Line #DefenseDefensePHYDFOFWanted %Time %Time Play
1Dylan CoghlanGabriel Carlsson1226057%2:21
2Anttoni HonkaRonan Seeley1224043%1:47
Penalty Kill 4 Players Forward
Line #CenterWingPHYDFOFWanted %Time %Time Play
1Vasily PonomarevCallahan Burke1226069%1:22
2Jamieson ReesAnton Levtchi1224031%0:37
Penalty Kill 4 Players Defense
Line #DefenseDefensePHYDFOFWanted %Time %Time Play
1Dylan CoghlanCole Clayton1226070%1:23
2Anttoni HonkaRonan Seeley1224030%0:36
Penalty Kill 3 Players
Line #WingPHYDFOFWanted %Time %Time PlayDefenseDefensePHYDFOFWanted %Time %Time Play
1Vasily Ponomarev122600%0:00 Dylan CoghlanCole Clayton122600%0:00
2Jamieson Rees122400%0:00 Anttoni HonkaRonan Seeley122400%0:00
4 vs 4 Forward
Line #CenterWingPHYDFOFWanted %Time %Time Play
1Vasily PonomarevAustin Poganski122600%0:00
2Jamieson ReesAnton Levtchi122400%0:00
4 vs 4 Defense
Line #DefensePHYDFOFWanted %Time %Time Play
1Dylan CoghlanGabriel Carlsson122600%0:00
2Anttoni HonkaRonan Seeley122400%0:00
Last Minutes Offensive
Left WingCenterRight WingDefenseDefense
Brendan LemieuxVasily PonomarevCallahan BurkeDylan CoghlanGabriel Carlsson
Last Minutes Defensive
Left WingCenterRight WingDefenseDefense
Brendan LemieuxVasily PonomarevCallahan BurkeDylan CoghlanGabriel Carlsson
Time
Total ForwardTotal DefenseLast Minutes OffensiveLast Minutes Defensive
60:00 60:00 0:000:59
Extra Forwards
Normal PowerPlayPenalty Kill
Austin Poganski, Jamieson Rees, Tuukka TieksolaAustin Poganski, Jamieson ReesAustin Poganski
Extra Defensemen
Normal PowerPlayPenalty Kill
Ronan Seeley, Cole Clayton, Dylan CoghlanRonan Seeley, Ronan SeeleyCole Clayton
Penalty Shots
Jamieson Rees, Callahan Burke, Anton Levtchi, Vasily Ponomarev, Austin Poganski
Goalie
Kevin Poulin, Dylan Wells
Custom OT Lines Forwards
Brendan Lemieux, Callahan Burke, Anton Levtchi, Vasily Ponomarev, Austin Poganski, Jamieson Rees, Tuukka Tieksola, Ryan Suzuki, Noel Gunler, Adam Gaudette
Custom OT Lines Defensemen
Dylan Coghlan, Gabriel Carlsson, Anttoni Honka, Ronan Seeley, Cole Clayton
Scratches
Liam Kirk (Healthy), Ville Koivunen (Healthy), Simon Kubicek (Healthy), Jussi Olkinuora (Healthy)

San Jose Barracuda

5 vs 5 Forward
Line #Left WingCenterRight WingPHYDFOFWanted %Time %Time Play
1William EklundRyan CarpenterMartin Kaut1224031%16:29
2Oskar LindblomTristen RobinsNathan Todd1223028%14:55
3Blade JenkinsScott SabourinOzzy Wiesblatt1222022%11:40
4Cameron HillisBrandon CoeKeaton Mastrodonato1221019%9:51
5 vs 5 Defense
Line #DefenseDefensePHYDFOFWanted %Time %Time Play
1Kyle BurroughsZachary Massicotte1224036%18:59
2Nick CicekJacob MacDonald1223032%17:06
3Leon GawankeShakir Mukhamadullin1222026%13:35
4Kyle BurroughsJacob MacDonald122106%3:15
Power Play Forward
Line #Left WingCenterRight WingPHYDFOFWanted %Time %Time Play
1William EklundRyan CarpenterMartin Kaut1226056%1:07
2Oskar LindblomTristen RobinsNathan Todd1224044%0:52
Power Play Defense
Line #DefenseDefensePHYDFOFWanted %Time %Time Play
1Kyle BurroughsLeon Gawanke1226056%1:07
2Nick CicekJacob MacDonald1224044%0:52
Penalty Kill 4 Players Forward
Line #CenterWingPHYDFOFWanted %Time %Time Play
1Ryan CarpenterWilliam Eklund1226085%3:31
2Tristen RobinsOskar Lindblom1224015%0:37
Penalty Kill 4 Players Defense
Line #DefenseDefensePHYDFOFWanted %Time %Time Play
1Kyle BurroughsLeon Gawanke1226056%2:18
2Nick CicekJacob MacDonald1224044%1:50
Penalty Kill 3 Players
Line #WingPHYDFOFWanted %Time %Time PlayDefenseDefensePHYDFOFWanted %Time %Time Play
1Ryan Carpenter122600%0:00 Kyle BurroughsLeon Gawanke122600%0:00
2Tristen Robins122400%0:00 Nick CicekJacob MacDonald122400%0:00
4 vs 4 Forward
Line #CenterWingPHYDFOFWanted %Time %Time Play
1Ryan CarpenterWilliam Eklund122600%0:00
2Tristen RobinsOskar Lindblom122400%0:00
4 vs 4 Defense
Line #DefensePHYDFOFWanted %Time %Time Play
1Kyle BurroughsShakir Mukhamadullin122600%0:00
2Nick CicekJacob MacDonald122400%0:00
Last Minutes Offensive
Left WingCenterRight WingDefenseDefense
William EklundRyan CarpenterMartin KautKyle BurroughsJacob MacDonald
Last Minutes Defensive
Left WingCenterRight WingDefenseDefense
William EklundRyan CarpenterMartin KautKyle BurroughsJacob MacDonald
Time
Total ForwardTotal DefenseLast Minutes OffensiveLast Minutes Defensive
60:00 60:00 0:580:00
Extra Forwards
Normal PowerPlayPenalty Kill
Tristen Robins, Scott Sabourin, Brandon CoeTristen Robins, Scott SabourinTristen Robins
Extra Defensemen
Normal PowerPlayPenalty Kill
Jacob MacDonald, Leon Gawanke, Shakir MukhamadullinJacob MacDonald, Jacob MacDonaldLeon Gawanke
Penalty Shots
William Eklund, Oskar Lindblom, Ryan Carpenter, Martin Kaut, Tristen Robins
Goalie
Eetu Makiniemi, Adam Scheel
Custom OT Lines Forwards
William Eklund, Oskar Lindblom, Ryan Carpenter, Martin Kaut, Tristen Robins, Scott Sabourin, Brandon Coe, Nathan Todd, Ozzy Wiesblatt, Blade Jenkins
Custom OT Lines Defensemen
Kyle Burroughs, Shakir Mukhamadullin, Nick Cicek, Jacob MacDonald, Leon Gawanke
Scratches
Connor Corcoran (Healthy), Xavier Cormier (Healthy), Jacob Peterson (Back Injury), Radim Simek (Bruised Right Arm Injury), Luke Richardson (Healthy)


Play-by-Play

1st period


0:01 of 1st period - Ryan Carpenter wins face-off versus Vasily Ponomarev in neutral zone.
0:04 of 1st period - Wrist shot by William Eklund.
0:04 of 1st period - Shot Misses the Net.
0:06 of 1st period - Slapshot by Kyle Burroughs.
0:06 of 1st period - Deflect By Brendan Lemieux.
0:06 of 1st period - Stopped by Kevin Poulin with a rebound.
0:59 of 1st period - Snap shot by Jacob MacDonald.
0:59 of 1st period - Deflect By Gabriel Carlsson.
0:59 of 1st period - Stopped by Kevin Poulin with a rebound.
1:08 of 1st period - Icing by Gabriel Carlsson.
1:09 of 1st period - Vasily Ponomarev wins face-off versus Brandon Coe in Chicago Wolves zone.
2:30 of 1st period - Anton Levtchi is hit by Leon Gawanke and loses puck.
3:03 of 1st period - Snap shot by Adam Gaudette.
3:03 of 1st period - Shot Misses the Net.
3:37 of 1st period - Slapshot by Nick Cicek.
3:37 of 1st period - Shot Misses the Net.
3:39 of 1st period - Slapshot by Jacob MacDonald.
3:39 of 1st period - Shot Misses the Net.
3:41 of 1st period - Slapshot by Scott Sabourin.
3:41 of 1st period - Stopped by Kevin Poulin with a rebound.
5:10 of 1st period - Vasily Ponomarev is hit by Ryan Carpenter and loses puck.
5:31 of 1st period - Tuukka Tieksola is hit by Jacob MacDonald and loses puck.
5:38 of 1st period - Nick Cicek is hit by Austin Poganski and loses puck.
5:49 of 1st period - Vasily Ponomarev is hit by Nick Cicek and loses puck.
6:01 of 1st period - Icing by Leon Gawanke.
6:02 of 1st period - Tristen Robins wins face-off versus Ryan Suzuki in San Jose Barracuda zone.
6:02 of 1st period - Tristen Robins is hit by Cole Clayton.
6:24 of 1st period - Kyle Burroughs is hit by Griffin Mendel and loses puck.
6:36 of 1st period - Off-side.
6:37 of 1st period - Vasily Ponomarev wins face-off versus Scott Sabourin in neutral zone.
7:27 of 1st period - Tuukka Tieksola is hit by Oskar Lindblom and loses puck.
8:20 of 1st period - Wrist shot by Brandon Coe.
8:20 of 1st period - Stopped by Kevin Poulin with a rebound.
8:34 of 1st period - Wrist shot by Tristen Robins.
8:34 of 1st period - Shot Misses the Net.
9:23 of 1st period - Snap shot by Ozzy Wiesblatt.
9:23 of 1st period - Deflect By Scott Sabourin.
9:23 of 1st period - Shot Hit the Post.
9:23 of 1st period - Puck is out of play.
9:24 of 1st period - Tristen Robins wins face-off versus Vasily Ponomarev in Chicago Wolves zone.
9:51 of 1st period - Tuukka Tieksola is hit by Nick Cicek and loses puck.
10:05 of 1st period - Icing by Nick Cicek.
10:06 of 1st period - Jamieson Rees wins face-off versus Scott Sabourin in San Jose Barracuda zone.
10:07 of 1st period - Snap shot by Anton Levtchi.
10:07 of 1st period - Shot Misses the Net.
10:09 of 1st period - Snap shot by Austin Poganski.
10:09 of 1st period - Shot Misses the Net.
10:11 of 1st period - Slapshot by Austin Poganski.
10:11 of 1st period - Stopped by Eetu Makiniemi with a rebound.
10:13 of 1st period - Slapshot by Jamieson Rees.
10:13 of 1st period - Stopped by Eetu Makiniemi with a rebound.
10:15 of 1st period - Wrist shot by Austin Poganski.
10:15 of 1st period - Shot Misses the Net.
10:17 of 1st period - Slapshot by Ronan Seeley.
10:17 of 1st period - Deflect By Anton Levtchi.
10:17 of 1st period - Stopped by Eetu Makiniemi without a rebound.
10:18 of 1st period - Vasily Ponomarev wins face-off versus Ryan Carpenter in San Jose Barracuda zone.
10:49 of 1st period - Anton Levtchi is hit by Nathan Todd and loses puck.
11:14 of 1st period - Slapshot by Scott Sabourin.
11:14 of 1st period - Shot Misses the Net.
11:16 of 1st period - Wrist shot by Scott Sabourin.
11:16 of 1st period - Goal by Scott Sabourin - Chicago Wolves : 0 - San Jose Barracuda : 1.
11:17 of 1st period - Brendan Lemieux wins face-off versus Ryan Carpenter in neutral zone.
11:30 of 1st period - Vasily Ponomarev is hit by William Eklund and loses puck.
12:06 of 1st period - Jacob MacDonald is hit by Tuukka Tieksola and loses puck.
13:11 of 1st period - Wrist shot by Ryan Suzuki.
13:11 of 1st period - Shot Misses the Net.
13:14 of 1st period - Icing by Nick Cicek.
13:15 of 1st period - Vasily Ponomarev wins face-off versus Brandon Coe in San Jose Barracuda zone.
13:24 of 1st period - Snap shot by Callahan Burke.
13:24 of 1st period - Stopped by Eetu Makiniemi with a rebound.
13:26 of 1st period - Slapshot by Vasily Ponomarev.
13:26 of 1st period - Goal by Vasily Ponomarev - Chicago Wolves : 1 - San Jose Barracuda : 1.
13:27 of 1st period - Vasily Ponomarev wins face-off versus Ryan Carpenter in neutral zone.
14:00 of 1st period - Wrist shot by Jamieson Rees.
14:00 of 1st period - Deflect By Anton Levtchi.
14:00 of 1st period - Shot Blocked by Kyle Burroughs.
14:00 of 1st period - Puck is out of play.
14:01 of 1st period - Jamieson Rees wins face-off versus Tristen Robins in San Jose Barracuda zone.
14:02 of 1st period - Slapshot by Anton Levtchi.
14:02 of 1st period - Stopped by Eetu Makiniemi with a rebound.
14:04 of 1st period - Wrist shot by Anton Levtchi.
14:04 of 1st period - Shot Blocked by Shakir Mukhamadullin.
14:06 of 1st period - Slapshot by Anton Levtchi.
14:06 of 1st period - Stopped by Eetu Makiniemi with a rebound.
14:26 of 1st period - Callahan Burke is hit by William Eklund and loses puck.
14:33 of 1st period - Snap shot by Martin Kaut.
14:33 of 1st period - Stopped by Kevin Poulin with a rebound.
14:35 of 1st period - Wrist shot by Martin Kaut.
14:35 of 1st period - Shot Misses the Net.
14:37 of 1st period - Snap shot by Martin Kaut.
14:37 of 1st period - Stopped by Kevin Poulin with a rebound.
15:01 of 1st period - Jacob MacDonald is hit by Adam Gaudette and loses puck.
15:23 of 1st period - Anttoni Honka is hit by Brandon Coe and loses puck.
15:39 of 1st period - Snap shot by Anton Levtchi.
15:39 of 1st period - Shot Misses the Net.
15:41 of 1st period - Backhand shot by Austin Poganski.
15:41 of 1st period - Shot Misses the Net.
15:43 of 1st period - Backhand shot by Anton Levtchi.
15:43 of 1st period - Shot Blocked by Kyle Burroughs.
15:45 of 1st period - Snap shot by Austin Poganski.
15:45 of 1st period - Stopped by Eetu Makiniemi without a rebound.
15:46 of 1st period - Tristen Robins wins face-off versus Vasily Ponomarev in San Jose Barracuda zone.
15:55 of 1st period - Snap shot by Tristen Robins.
15:55 of 1st period - Shot Blocked by Vasily Ponomarev.
16:07 of 1st period - Minor Penalty to Brendan Lemieux for Tripping.
16:08 of 1st period - Vasily Ponomarev wins face-off versus Ryan Carpenter in Chicago Wolves zone.
16:34 of 1st period - Callahan Burke is hit by Kyle Burroughs and loses puck.
17:22 of 1st period - Icing by Ryan Carpenter.
17:23 of 1st period - Ryan Carpenter wins face-off versus Vasily Ponomarev in San Jose Barracuda zone.
17:54 of 1st period - Off-side.
17:55 of 1st period - Jamieson Rees wins face-off versus Ryan Carpenter in neutral zone.
17:58 of 1st period - William Eklund is hit by Anton Levtchi and loses puck.
18:07 of 1st period - Penalty to Brendan Lemieux is over, Brendan Lemieux is back on ice.
18:36 of 1st period - Vasily Ponomarev is hit by Kyle Burroughs and loses puck.
18:49 of 1st period - Oskar Lindblom is hit by Brendan Lemieux.
19:05 of 1st period - Slapshot by William Eklund.
19:05 of 1st period - Stopped by Kevin Poulin with a rebound.
19:23 of 1st period - Wrist shot by Adam Gaudette.
19:23 of 1st period - Shot Blocked by Jacob MacDonald.
19:25 of 1st period - Wrist shot by Adam Gaudette.
19:25 of 1st period - Shot Misses the Net.
19:27 of 1st period - Snap shot by Adam Gaudette.
19:27 of 1st period - Shot Misses the Net.
19:29 of 1st period - Snap shot by Adam Gaudette.
19:29 of 1st period - Shot Misses the Net.
19:49 of 1st period - Backhand shot by Oskar Lindblom.
19:49 of 1st period - Shot Misses the Net.
19:57 of 1st period - Minor Penalty to Nick Cicek for Tripping.
19:58 of 1st period - Ryan Carpenter wins face-off versus Vasily Ponomarev in San Jose Barracuda zone.
Goals for this period are 1 for Chicago Wolves vs 1 for San Jose Barracuda.
Shots for this period are 8 for Chicago Wolves vs 8 for San Jose Barracuda.

2nd period


0:01 of 2nd period - Ryan Carpenter wins face-off versus Vasily Ponomarev in neutral zone.
0:04 of 2nd period - Brendan Lemieux is hit by William Eklund and loses puck.
1:27 of 2nd period - Blade Jenkins is hit by Anton Levtchi and loses puck.
1:57 of 2nd period - Penalty to Nick Cicek is over, Nick Cicek is back on ice.
2:48 of 2nd period - Wrist shot by Tristen Robins.
2:48 of 2nd period - Stopped by Kevin Poulin with a rebound.
3:06 of 2nd period - Anttoni Honka is hit by Keaton Mastrodonato and loses puck.
3:21 of 2nd period - Slapshot by Leon Gawanke.
3:21 of 2nd period - Stopped by Kevin Poulin without a rebound.
3:22 of 2nd period - Scott Sabourin wins face-off versus Jamieson Rees in Chicago Wolves zone.
3:29 of 2nd period - Wrist shot by Scott Sabourin.
3:29 of 2nd period - Stopped by Kevin Poulin without a rebound.
3:30 of 2nd period - Ryan Carpenter wins face-off versus Ryan Suzuki in Chicago Wolves zone.
4:28 of 2nd period - Wrist shot by Brendan Lemieux.
4:28 of 2nd period - Shot Hit the Post.
4:30 of 2nd period - Slapshot by Vasily Ponomarev.
4:30 of 2nd period - Shot Misses the Net.
4:32 of 2nd period - Wrist shot by Callahan Burke.
4:32 of 2nd period - Shot Blocked by Brandon Coe.
5:36 of 2nd period - Ronan Seeley is hit by Ryan Carpenter.
7:07 of 2nd period - Anton Levtchi is hit by Tristen Robins and loses puck.
7:42 of 2nd period - Tuukka Tieksola is hit by William Eklund and loses puck.
8:06 of 2nd period - Noel Gunler is hit by Oskar Lindblom and loses puck.
8:26 of 2nd period - Kyle Burroughs is hit by Vasily Ponomarev and loses puck.
8:50 of 2nd period - Dylan Coghlan is hit by Ozzy Wiesblatt and loses puck.
9:25 of 2nd period - Ronan Seeley is hit by Tristen Robins and loses puck.
9:32 of 2nd period - Tuukka Tieksola is hit by Oskar Lindblom and loses puck.
10:16 of 2nd period - Icing by Callahan Burke.
10:17 of 2nd period - Ryan Carpenter wins face-off versus Vasily Ponomarev in Chicago Wolves zone.
10:18 of 2nd period - Wrist shot by William Eklund.
10:18 of 2nd period - Shot Misses the Net.
10:26 of 2nd period - Callahan Burke is hit by Ryan Carpenter and loses puck.
10:35 of 2nd period - Vasily Ponomarev is hit by Martin Kaut and loses puck.
11:04 of 2nd period - Adam Gaudette is hit by Scott Sabourin and loses puck.
11:15 of 2nd period - Slapshot by Jacob MacDonald.
11:15 of 2nd period - Shot Misses the Net.
11:27 of 2nd period - Snap shot by Brandon Coe.
11:27 of 2nd period - Stopped by Kevin Poulin with a rebound.
11:44 of 2nd period - Off-side.
11:45 of 2nd period - Ryan Carpenter wins face-off versus Austin Poganski in neutral zone.
11:54 of 2nd period - Slapshot by Brendan Lemieux.
11:54 of 2nd period - Stopped by Eetu Makiniemi with a rebound.
12:24 of 2nd period - Kyle Burroughs is hit by Brendan Lemieux and loses puck.
14:55 of 2nd period - Blade Jenkins is hit by Adam Gaudette.
15:22 of 2nd period - Vasily Ponomarev is hit by Tristen Robins and loses puck.
15:39 of 2nd period - Ryan Carpenter is hit by Vasily Ponomarev.
15:57 of 2nd period - Snap shot by Vasily Ponomarev.
15:57 of 2nd period - Shot Blocked by Martin Kaut.
15:59 of 2nd period - Wrist shot by Vasily Ponomarev.
15:59 of 2nd period - Stopped by Eetu Makiniemi with a rebound.
16:01 of 2nd period - Slapshot by Gabriel Carlsson.
16:01 of 2nd period - Shot Misses the Net.
16:03 of 2nd period - Slapshot by Anttoni Honka.
16:03 of 2nd period - Stopped by Eetu Makiniemi without a rebound.
16:04 of 2nd period - Tristen Robins wins face-off versus Ryan Suzuki in San Jose Barracuda zone.
16:09 of 2nd period - Slapshot by Kyle Burroughs.
16:09 of 2nd period - Stopped by Kevin Poulin without a rebound.
16:10 of 2nd period - Ryan Suzuki wins face-off versus Tristen Robins in Chicago Wolves zone.
16:39 of 2nd period - Slapshot by Oskar Lindblom.
16:39 of 2nd period - Stopped by Kevin Poulin without a rebound.
16:40 of 2nd period - Jamieson Rees wins face-off versus Ryan Carpenter in Chicago Wolves zone.
16:55 of 2nd period - Wrist shot by Jamieson Rees.
16:55 of 2nd period - Stopped by Eetu Makiniemi with a rebound.
17:01 of 2nd period - Snap shot by Jamieson Rees.
17:01 of 2nd period - Stopped by Eetu Makiniemi with a rebound.
17:26 of 2nd period - Brandon Coe is hit by Anton Levtchi and loses puck.
18:36 of 2nd period - Ryan Suzuki is hit by Zachary Massicotte.
18:54 of 2nd period - Wrist shot by Oskar Lindblom.
18:54 of 2nd period - Stopped by Kevin Poulin with a rebound.
19:53 of 2nd period - Slapshot by Nick Cicek.
19:53 of 2nd period - Deflect By Vasily Ponomarev.
19:53 of 2nd period - Stopped by Kevin Poulin with a rebound.
Goals for this period are 0 for Chicago Wolves vs 0 for San Jose Barracuda.
Shots for this period are 5 for Chicago Wolves vs 8 for San Jose Barracuda.

3rd period


0:01 of 3rd period - Ryan Carpenter wins face-off versus Callahan Burke in neutral zone.
0:11 of 3rd period - Icing by Callahan Burke.
0:12 of 3rd period - Ryan Carpenter wins face-off versus Vasily Ponomarev in Chicago Wolves zone.
0:13 of 3rd period - Backhand shot by William Eklund.
0:13 of 3rd period - Stopped by Kevin Poulin with a rebound.
0:19 of 3rd period - Wrist shot by Dylan Coghlan.
0:19 of 3rd period - Shot Blocked by Kyle Burroughs.
0:21 of 3rd period - Slapshot by Callahan Burke.
0:21 of 3rd period - Shot Misses the Net.
0:23 of 3rd period - Snap shot by Callahan Burke.
0:23 of 3rd period - Stopped by Eetu Makiniemi with a rebound.
0:25 of 3rd period - Snap shot by Callahan Burke.
0:25 of 3rd period - Stopped by Eetu Makiniemi with a rebound.
0:27 of 3rd period - Slapshot by Dylan Coghlan.
0:27 of 3rd period - Shot Misses the Net.
0:29 of 3rd period - Wrist shot by Brendan Lemieux.
0:29 of 3rd period - Stopped by Eetu Makiniemi with a rebound.
0:31 of 3rd period - Wrist shot by Vasily Ponomarev.
0:31 of 3rd period - Shot Blocked by Zachary Massicotte.
0:33 of 3rd period - Slapshot by Dylan Coghlan.
0:33 of 3rd period - Stopped by Eetu Makiniemi with a rebound.
0:35 of 3rd period - Snap shot by Brendan Lemieux.
0:35 of 3rd period - Shot Misses the Net.
0:37 of 3rd period - Slapshot by Vasily Ponomarev.
0:37 of 3rd period - Shot Misses the Net.
0:39 of 3rd period - Snap shot by Brendan Lemieux.
0:39 of 3rd period - Deflect By Vasily Ponomarev.
0:39 of 3rd period - Shot Misses the Net.
0:39 of 3rd period - Puck is out of play.
0:40 of 3rd period - Jamieson Rees wins face-off versus Tristen Robins in San Jose Barracuda zone.
0:55 of 3rd period - Snap shot by Jamieson Rees.
0:55 of 3rd period - Shot Blocked by Jacob MacDonald.
1:07 of 3rd period - Adam Gaudette is hit by Nick Cicek.
1:31 of 3rd period - Wrist shot by Martin Kaut.
1:31 of 3rd period - Shot Misses the Net.
1:33 of 3rd period - Snap shot by William Eklund.
1:33 of 3rd period - Stopped by Kevin Poulin with a rebound.
1:35 of 3rd period - Snap shot by Ryan Carpenter.
1:35 of 3rd period - Deflect By Dylan Coghlan.
1:35 of 3rd period - Stopped by Kevin Poulin with a rebound.
1:37 of 3rd period - Slapshot by Zachary Massicotte.
1:37 of 3rd period - Stopped by Kevin Poulin with a rebound.
1:47 of 3rd period - Brendan Lemieux is hit by Kyle Burroughs and loses puck.
1:58 of 3rd period - Slapshot by Gabriel Carlsson.
1:58 of 3rd period - Shot Misses the Net.
2:00 of 3rd period - Slapshot by Dylan Coghlan.
2:00 of 3rd period - Stopped by Eetu Makiniemi with a rebound.
2:02 of 3rd period - Snap shot by Brendan Lemieux.
2:02 of 3rd period - Stopped by Eetu Makiniemi with a rebound.
2:04 of 3rd period - Snap shot by Brendan Lemieux.
2:04 of 3rd period - Shot Misses the Net.
2:10 of 3rd period - Slapshot by Gabriel Carlsson.
2:10 of 3rd period - Shot Misses the Net.
2:16 of 3rd period - Wrist shot by Callahan Burke.
2:16 of 3rd period - Shot Misses the Net.
2:18 of 3rd period - Slapshot by Vasily Ponomarev.
2:18 of 3rd period - Stopped by Eetu Makiniemi with a rebound.
2:20 of 3rd period - Slapshot by Dylan Coghlan.
2:20 of 3rd period - Shot Misses the Net.
2:22 of 3rd period - Slapshot by Dylan Coghlan.
2:22 of 3rd period - Deflect By Brendan Lemieux.
2:22 of 3rd period - Shot Misses the Net.
2:22 of 3rd period - Puck is out of play.
2:23 of 3rd period - Ryan Carpenter wins face-off versus Austin Poganski in San Jose Barracuda zone.
2:30 of 3rd period - Slapshot by Jamieson Rees.
2:30 of 3rd period - Shot Misses the Net.
2:32 of 3rd period - Slapshot by Anttoni Honka.
2:32 of 3rd period - Stopped by Eetu Makiniemi without a rebound.
2:33 of 3rd period - Jamieson Rees wins face-off versus Ryan Carpenter in San Jose Barracuda zone.
3:21 of 3rd period - Martin Kaut is hit by Jamieson Rees and loses puck.
3:26 of 3rd period - Wrist shot by Jamieson Rees.
3:26 of 3rd period - Stopped by Eetu Makiniemi with a rebound.
3:28 of 3rd period - Slapshot by Anton Levtchi.
3:28 of 3rd period - Shot Misses the Net.
3:30 of 3rd period - Snap shot by Jamieson Rees.
3:30 of 3rd period - Stopped by Eetu Makiniemi without a rebound.
3:31 of 3rd period - Tristen Robins wins face-off versus Vasily Ponomarev in San Jose Barracuda zone.
3:38 of 3rd period - Snap shot by Oskar Lindblom.
3:38 of 3rd period - Stopped by Kevin Poulin with a rebound.
3:56 of 3rd period - Jacob MacDonald is hit by Ryan Suzuki.
4:52 of 3rd period - Wrist shot by Tristen Robins.
4:52 of 3rd period - Stopped by Kevin Poulin with a rebound.
5:21 of 3rd period - Vasily Ponomarev is hit by Kyle Burroughs and loses puck.
6:10 of 3rd period - Vasily Ponomarev is hit by Kyle Burroughs and loses puck.
7:18 of 3rd period - Griffin Mendel is hit by Scott Sabourin and loses puck.
8:10 of 3rd period - Callahan Burke is hit by Oskar Lindblom and loses puck.
8:39 of 3rd period - Jamieson Rees is hit by Martin Kaut and loses puck.
9:24 of 3rd period - Austin Poganski is hit by Ryan Carpenter and loses puck.
10:35 of 3rd period - Icing by Noel Gunler.
10:36 of 3rd period - Vasily Ponomarev wins face-off versus Brandon Coe in Chicago Wolves zone.
10:42 of 3rd period - Slapshot by Ronan Seeley.
10:42 of 3rd period - Stopped by Eetu Makiniemi without a rebound.
10:43 of 3rd period - Ryan Suzuki wins face-off versus Ryan Carpenter in San Jose Barracuda zone.
10:52 of 3rd period - Wrist shot by Adam Gaudette.
10:52 of 3rd period - Shot Misses the Net.
10:54 of 3rd period - Wrist shot by Tuukka Tieksola.
10:54 of 3rd period - Stopped by Eetu Makiniemi with a rebound.
10:56 of 3rd period - Slapshot by Adam Gaudette.
10:56 of 3rd period - Stopped by Eetu Makiniemi with a rebound.
10:58 of 3rd period - Slapshot by Ronan Seeley.
10:58 of 3rd period - Shot Blocked by Leon Gawanke.
11:14 of 3rd period - Slapshot by Dylan Coghlan.
11:14 of 3rd period - Shot Misses the Net.
11:55 of 3rd period - Icing by Ronan Seeley.
11:56 of 3rd period - Ryan Carpenter wins face-off versus Ryan Suzuki in Chicago Wolves zone.
11:57 of 3rd period - Slapshot by William Eklund.
11:57 of 3rd period - Stopped by Kevin Poulin with a rebound.
12:13 of 3rd period - Wrist shot by Ryan Suzuki.
12:13 of 3rd period - Deflect By Tuukka Tieksola.
12:13 of 3rd period - Shot Misses the Net.
12:13 of 3rd period - Puck is out of play.
12:14 of 3rd period - Brendan Lemieux wins face-off versus Tristen Robins in San Jose Barracuda zone.
12:36 of 3rd period - Griffin Mendel is hit by Kyle Burroughs and loses puck.
12:57 of 3rd period - Cole Clayton is hit by Jacob MacDonald and loses puck.
13:18 of 3rd period - Slapshot by Leon Gawanke.
13:18 of 3rd period - Shot Misses the Net.
13:20 of 3rd period - Wrist shot by Blade Jenkins.
13:20 of 3rd period - Deflect By Ozzy Wiesblatt.
13:20 of 3rd period - Shot Misses the Net.
13:20 of 3rd period - Puck is out of play.
13:21 of 3rd period - Oskar Lindblom wins face-off versus Vasily Ponomarev in Chicago Wolves zone.
13:32 of 3rd period - Snap shot by Callahan Burke.
13:32 of 3rd period - Stopped by Eetu Makiniemi without a rebound.
13:33 of 3rd period - Vasily Ponomarev wins face-off versus Ryan Carpenter in San Jose Barracuda zone.
13:36 of 3rd period - Wrist shot by Vasily Ponomarev.
13:36 of 3rd period - Deflect By Brendan Lemieux.
13:36 of 3rd period - Shot Misses the Net.
13:36 of 3rd period - Puck is out of play.
13:37 of 3rd period - Vasily Ponomarev wins face-off versus Ryan Carpenter in San Jose Barracuda zone.
13:40 of 3rd period - Wrist shot by Callahan Burke.
13:40 of 3rd period - Stopped by Eetu Makiniemi with a rebound.
13:42 of 3rd period - Snap shot by Vasily Ponomarev.
13:42 of 3rd period - Stopped by Eetu Makiniemi without a rebound.
13:43 of 3rd period - Ryan Carpenter wins face-off versus Vasily Ponomarev in San Jose Barracuda zone.
14:06 of 3rd period - Slapshot by Dylan Coghlan.
14:06 of 3rd period - Stopped by Eetu Makiniemi without a rebound.
14:07 of 3rd period - Jamieson Rees wins face-off versus Tristen Robins in San Jose Barracuda zone.
14:18 of 3rd period - Slapshot by Nick Cicek.
14:18 of 3rd period - Shot Misses the Net.
14:28 of 3rd period - Minor Penalty to Nick Cicek for Interference.
14:29 of 3rd period - Vasily Ponomarev wins face-off versus Ryan Carpenter in San Jose Barracuda zone.
14:30 of 3rd period - Slapshot by Brendan Lemieux.
14:30 of 3rd period - Stopped by Eetu Makiniemi with a rebound.
14:32 of 3rd period - Wrist shot by Vasily Ponomarev.
14:32 of 3rd period - Stopped by Eetu Makiniemi with a rebound.
14:34 of 3rd period - Snap shot by Brendan Lemieux.
14:34 of 3rd period - Shot Misses the Net.
14:36 of 3rd period - Snap shot by Callahan Burke.
14:36 of 3rd period - Shot Misses the Net.
14:38 of 3rd period - Slapshot by Gabriel Carlsson.
14:38 of 3rd period - Deflect By Vasily Ponomarev.
14:38 of 3rd period - Goal by Vasily Ponomarev - Chicago Wolves : 2 - San Jose Barracuda : 1.
14:39 of 3rd period - Ryan Carpenter wins face-off versus Vasily Ponomarev in neutral zone.
15:11 of 3rd period - Nick Cicek is hit by Dylan Coghlan and loses puck.
15:36 of 3rd period - Slapshot by Nick Cicek.
15:36 of 3rd period - Shot Blocked by Gabriel Carlsson.
15:46 of 3rd period - Slapshot by Brandon Coe.
15:46 of 3rd period - Shot Misses the Net.
15:59 of 3rd period - Minor Penalty to Scott Sabourin for Tripping.
16:00 of 3rd period - Ryan Carpenter wins face-off versus Vasily Ponomarev in San Jose Barracuda zone.
16:16 of 3rd period - Wrist shot by Vasily Ponomarev.
16:16 of 3rd period - Stopped by Eetu Makiniemi with a rebound.
16:38 of 3rd period - Callahan Burke is hit by Tristen Robins and loses puck.
17:59 of 3rd period - Penalty to Scott Sabourin is over, Scott Sabourin is back on ice.
19:01 of 3rd period - Snap shot by Tuukka Tieksola.
19:01 of 3rd period - Shot Misses the Net.
19:03 of 3rd period - Snap shot by Brendan Lemieux.
19:03 of 3rd period - Stopped by Eetu Makiniemi with a rebound.
19:05 of 3rd period - Wrist shot by Tuukka Tieksola.
19:05 of 3rd period - Deflect By Brendan Lemieux.
19:05 of 3rd period - Shot Misses the Net.
19:05 of 3rd period - Puck is out of play.
19:06 of 3rd period - David Quinn call a timeout for San Jose Barracuda.
19:06 of 3rd period - Ryan Carpenter wins face-off versus Tuukka Tieksola in San Jose Barracuda zone.
19:29 of 3rd period - Wrist shot by Brendan Lemieux.
19:29 of 3rd period - Shot Blocked by Kyle Burroughs.
19:37 of 3rd period - Snap shot by Tuukka Tieksola.
19:37 of 3rd period - Shot Misses the Net.
19:39 of 3rd period - Slapshot by Ronan Seeley.
19:39 of 3rd period - Shot Blocked by Ryan Carpenter.
19:41 of 3rd period - Slapshot by Ronan Seeley.
19:41 of 3rd period - Shot Misses the Net.
19:43 of 3rd period - Slapshot by Cole Clayton.
19:43 of 3rd period - Deflect By Brendan Lemieux.
19:43 of 3rd period - Goal by Brendan Lemieux - Chicago Wolves : 3 - San Jose Barracuda : 1.
19:44 of 3rd period - Vasily Ponomarev wins face-off versus Scott Sabourin in neutral zone.
Goals for this period are 2 for Chicago Wolves vs 0 for San Jose Barracuda.
Shots for this period are 23 for Chicago Wolves vs 7 for San Jose Barracuda.